 Dungeon Crawl Stone Soup version 0.28-a0-895-g6e5f11bd55 (webtiles) character file.

Game seed: 8032985680854082544

36 Orlauf the Chucker (level 3, -3/35 HPs)
             Began as a Troll Hunter on Nov 22, 2021.
             Slain by Terence (8 damage)
             ... on level 2 of the Dungeon.
             The game lasted 00:02:35 (1250 turns).

Orlauf the Chucker (Troll Hunter)                   Turns: 1250, Time: 00:02:36

Health: -3/35      AC:  4    Str: 19 (20) XL:     3   Next: 19%
Magic:  2/2        EV:  9    Int:  4 (7)  God:
Gold:   70         SH:  0    Dex:  8 (11) Spells: 2/2 levels left

rFire   . . .      SeeInvis .     - Unarmed
rCold   . . .      Faith    .   (no shield)
rNeg    . . .      Spirit   .   b - +0 robe
rPois   .          Reflect  .   (helmet restricted)
rElec   .          Harm     .   (no cloak)
rCorr   .          Rampage  .   (gloves unavailable)
Will    .....                   (boots unavailable)
Stlth   +.........              (no amulet)
HPRegen 1.11/turn               (no ring)
MPRegen 0.08/turn               (no ring)

@: attractive, flying
A: large, unfitting armour, claws 3, regeneration 1, shaggy fur 1, tough skin 1
a: no special abilities


You were on level 2 of the Dungeon.
You visited 1 branch of the dungeon, and saw 2 of its levels.

You collected 70 gold pieces.

Inventory:

Hand Weapons
 a - a +0 short sword
Missiles
 c - 5 large rocks (quivered)
 d - 2 throwing nets
Armour
 b - a +0 robe (worn)
Jewellery
 f - a +6 ring of intelligence
Scrolls
 k - 2 scrolls of identify {unknown}
Potions
 g - a potion of cancellation {unknown}
 j - a potion of curing {unknown}


   Skills:
 + Level 2.0 Fighting
 * Level 4.1 Throwing
 - Level 1.5 Dodging
 - Level 0.3 Stealth
 + Level 1.2 Unarmed Combat


You had 2 spell levels left.
You didn't know any spells.
Your spell library contained the following spells:

 Spells                   Type           Power      Damage    Failure   Level
 Call Canine Familiar     Summ           0%         N/A       86%         3
 Portal Projectile        Hex/Tloc       0%         N/A       86%         3
 Leda's Liquefaction      Hex/Erth       0%         N/A       99%         4


Dungeon Overview and Level Annotations

Branches:
Dungeon (2/15)

Altars:

Annotations:
D:2 Terence


Innate Abilities, Weirdness & Mutations

You are too large for most types of armour.
You have claws for hands.
Your natural rate of healing is unusually fast.
You are covered in fur. (AC +1)
You have tough skin. (AC +1)


Message History

The dart slug launches a dart at you. The slug dart misses you.
Terence hits you but does no damage.
You claw Terence!
Terence is moderately wounded.
The dart slug launches a dart at you. The slug dart hits you.
Terence hits you with a +2 mace of holy wrath!
You are too injured to fight recklessly!
You are too injured to fight recklessly!
You are too injured to fight recklessly!
You are too injured to fight recklessly!
You are too injured to fight recklessly!
You are too injured to fight recklessly!
You are too injured to fight recklessly!
You are too injured to fight recklessly!
You are too injured to fight recklessly!
You are too injured to fight recklessly!
You are too injured to fight recklessly!
Unknown command.
You scratch Terence but do no damage.
Terence is moderately wounded.
Terence hits you with a +2 mace of holy wrath!
* * * LOW HITPOINT WARNING * * *
You see here a viscous dark potion.
It was a potion of degeneration.
There was something very wrong with that liquid.
You feel weakened.
You feel dopey.
You feel clumsy.
Terence hits you with a +2 mace of holy wrath.
* * * LOW HITPOINT WARNING * * *
You scratch Terence.
Terence is heavily wounded.
Terence hits you with a +2 mace of holy wrath.
* * * LOW HITPOINT WARNING * * *
It was a potion of flight.
You feel very buoyant.
You fly up into the air.
Terence closely misses you.
It was a potion of attraction.
You feel attractive to monsters.
Terence hits you with a +2 mace of holy wrath!
You die...

≈ ..# #..............
#...... ≈≈. ...
#.............. #...... ##.
....#.....############......
# .......##.### ....# #
###........####....#
.......#............#
#...................#
#.##..##............# .
#.......@@.!.....#
##...###.####....# +>..
#.w.......# #... #.........#
#... #.........# #..
#.####....# ### #.# w...#
..# #.# ....# .... #.#


You could see Terence and a dart slug.

Vanquished Creatures
  A dart slug (D:1)
  4 ball pythons
  2 endoplasms
  2 giant cockroaches
  3 goblins
  4 hobgoblins
  2 jackals (D:1)
  A kobold (D:2)
  3 quokkas
  A bat (D:1)
  3 frilled lizards (D:1)
  3 rats (D:1)
29 creatures vanquished.

Notes
Turn   | Place    | Note
-------+----------+-------------------------------------------
     0 | D:1      | Orlauf the Troll Hunter began the quest for the Orb.
     0 | D:1      | Reached XP level 1. HP: 19/19 MP: 0/0
   201 | D:1      | Reached XP level 2. HP: 28/28 MP: 1/1
   523 | D:1      | Reached skill level 4 in Throwing
   760 | D:1      | Reached skill level 1 in Unarmed Combat
   952 | D:2      | Found a faded altar of an unknown god.
   961 | D:2      | Reached XP level 3. HP: 34/35 MP: 2/2
  1234 | D:2      | Noticed Terence
  1250 | D:2      | Slain by Terence

Illustrated notes

Levels and vault maps discovered:
D:1:      arrival_zaba_pyramid, layout_basic, minivault_4, minmay_crystal_water
D:2:      layout_basic, nicolae_ecumenical_lake_church, uniq_crazy_yiuf_cottage,
          uniq_terence

Skill      XL: |  1  2 |
---------------+-------+-----
Throwing       | 4 |  4.1
Unarmed Combat | 1 |  1.2
Fighting       | 2 |  2.0
Dodging        | |  1.5
Stealth        | |  0.3

Action                   || total
-------------------------++-------
Melee: Unarmed           ||    80
  Use: Potion            ||     3
 Stab: Sleeping          ||     2
Armor: Robe              ||    31
Dodge: Dodged            ||    31

Table legend: (Time is in decaauts)
 A = Elapsed time spent in this place.
 B = Non-inter-level travel time spent in this place.
 C = Inter-level travel time spent in this place.
 D = Time resting spent in this place.
 E = Time spent auto-exploring this place.
 F = Levels seen in this place.
 G = Mean time per level.
                   A        B        C        D        E       F      G
               +--------+--------+--------+--------+--------+-----+--------+
         Total |   1248 |   1241 |      7 |      0 |   1052 |   2 |  624.0 |
       Dungeon |   1248 |   1241 |      7 |      0 |   1052 |   2 |  624.0 |
               +--------+--------+--------+--------+--------+-----+--------+

Top non-repeatable levels by time:
     D:1: 852 daAuts
     D:2: 396 daAuts
